 Dungeon Sprint DCSS version 0.20-a0-754-g13ddd6e (webtiles) character file.

6827 Penishole the Fencer (level 10, 0/103 HPs)
             Began as a Minotaur Berserker on Feb 27, 2017.
             Was a High Priest of Trog.
             Slain by the 26-headed Lernaean hydra (11 damage)
             ... in the Dungeon (Sprint I: "Red Sonja").
             The game lasted 00:09:34 (1952 turns).

Penishole the Fencer (Minotaur Berserker)           Turns: 1952, Time: 00:09:35

Health: 0/103      AC:  9    Str: 22    XL:     10   Next: 77%
Magic:  3/3        EV: 17    Int:  4    God:    Trog [*****.]
Gold:   594        SH:  0    Dex: 13    Spells: 9/9 levels left

rFire    . . .     SeeInvis .   m - +3 triple sword (antimagic)
rCold    . . .     Gourm    .   l - +0 scale mail
rNeg     . . .     Faith    .   (shield currently unavailable)
rPois    .         Spirit   .   (helmet restricted)
rElec    .         Reflect  .   (no cloak)
rCorr    .         Harm     .   (no gloves)
MR       .....     NoTele   +   (no boots)
Stlth    ..........             (no amulet)
Regen    0.3/turn               (no ring)
MPRegen  0.1/turn               (no ring)

@: lethally poisoned (0 -> -7), mesmerised, very slightly contaminated, hasted
and slowed
A: retaliatory headbutt, horns 2
a: Berserk, Trog's Hand, Brothers in Arms, Burn Spellbooks, Renounce Religion


You were in the Dungeon.
You worshipped Trog.
Trog was extremely pleased with you.
You were near starving.

You visited 1 branch You collected 594 gold pieces.

Inventory:

Hand Weapons
 a - a +0 falchion
 e - a +1 antimagic triple sword
 k - a +4 scythe of flaming
 m - a +3 antimagic triple sword (weapon)
Missiles
 b - 8 tomahawks of returning (quivered)
Armour
 c - a +0 leather armour
 l - a +0 scale mail (worn)
Scrolls
 i - 2 scrolls of blinking
Potions
 d - a potion of curing
 g - 2 potions of magic
 j - a potion of resistance {unknown}


   Skills:
 + Level 14.0 Fighting
 * Level 18.6 Long Blades
 + Level 13.7 Armour
 + Level 12.7 Dodging


You had 9 spell levels left.
You didn't know any spells.

Dungeon Overview and Level Annotations

Branches:
Dungeon (1/1)

Altars:
Cheibriados
Dithmenos
Elyvilon
Fedhas
Gozag
Hepliaklqana
Kikubaaqudgha
Makhleb
Nemelex Xobeh
Okawaru
Qazlal
Ru
Sif Muna
Trog
Uskayaw
Vehumet
Xom
Yredelemnul
Zin
The Shining One
Jiyva
Lugonu

Shops:
D :

Annotations:
D Lernaean hydra


Innate Abilities, Weirdness & Mutations

You reflexively headbutt those who attack you in melee.
You have a pair of horns on your head.


Message History

The 26-headed Lernaean hydra bites you!
* * * LOW HITPOINT WARNING * * *
The 26-headed Lernaean hydra completely misses you.
The 26-headed Lernaean hydra bites you.
* * * LOW HITPOINT WARNING * * *
The 26-headed Lernaean hydra bites you.
* * * LOW HITPOINT WARNING * * *
The 26-headed Lernaean hydra bites you.
* * * LOW HITPOINT WARNING * * *
The 26-headed Lernaean hydra bites you but does no damage. x2
The 26-headed Lernaean hydra closely misses you.
The 26-headed Lernaean hydra bites you.
* * * LOW HITPOINT WARNING * * *
The 26-headed Lernaean hydra closely misses you.
The 26-headed Lernaean hydra barely misses you.
The 26-headed Lernaean hydra bites you!
* * * LOW HITPOINT WARNING * * *
The 26-headed Lernaean hydra closely misses you. x2
The 26-headed Lernaean hydra bites you!
You die...

##################
§§§§'§§§§§§§§.#.^+
§####§§§§§##..'^^#
.# ##§§.#######'#
.# ###+# #).# ##
#.@# #D.≈# #m.m..
. #..≈.## §#
#..≈## ## #..≈# #
≈..## ≈..#


You could see the 26-headed Lernaean hydra and 2 merfolk sirens.

Vanquished Creatures
  A deep elf annihilator (D)
  A hydra (D)
  A lindwurm (D)
  A gargoyle (D)
  2 kobold demonologists (D)
  4 demonic crawlers (D)
  2 hornets (D)
  A slime creature (D)
  Sigmund (D)
  A yak (D)
  13 hogs (D)
  2 floating eyes (D)
  An ogre (D)
  A jelly (D)
  Ijyb (D)
33 creatures vanquished.

Notes
Turn   | Place    | Note
-------+----------+-------------------------------------------
     0 | D        | Penishole the Minotaur Berserker began the quest for the Orb.
     0 | D        | Reached XP level 1. HP: 19/19 MP: 0/0
     1 | D        | Noticed Ijyb
     7 | D        | Killed Ijyb
     7 | D        | Reached skill level 5 in Long Blades
     7 | D        | Reached XP level 2. HP: 28/28 MP: 1/1
    45 | D        | Noticed an ogre
    49 | D        | Killed an ogre
    49 | D        | Reached skill level 7 in Long Blades
    49 | D        | Reached skill level 5 in Armour
    49 | D        | Reached XP level 3. HP: 37/37 MP: 2/2
    49 | D        | Reached XP level 4. HP: 44/44 MP: 3/3
   232 | D        | Noticed Sigmund
   237 | D        | Killed Sigmund
   237 | D        | Reached ** piety under Trog
   237 | D        | Reached skill level 10 in Long Blades
   237 | D        | Reached XP level 5. HP: 34/52 MP: 4/4
   237 | D        | Reached XP level 6. HP: 39/60 MP: 5/5
   358 | D        | Found a burning altar of Makhleb.
   358 | D        | Found a viscous altar of Jiyva.
   358 | D        | Found a shimmering altar of Xom.
   358 | D        | Found a corrupted altar of Lugonu.
   358 | D        | Noticed a slime creature
   364 | D        | Killed a slime creature
   364 | D        | Reached skill level 11 in Long Blades
   502 | D        | Found a deep blue altar of Sif Muna.
   504 | D        | Found a radiant altar of Vehumet.
   560 | D        | Found Awnutyesch's Book Emporium.
   560 | D        | Found an ancient bone altar of Kikubaaqudgha.
   560 | D        | Found a hazy altar of Hepliaklqana.
   560 | D        | Found a stormy altar of Qazlal.
   560 | D        | Found a hide-covered altar of Uskayaw.
   560 | D        | Found a blossoming altar of Fedhas.
   560 | D        | Found a bloodstained altar of Trog.
   560 | D        | Found an iron altar of Okawaru.
   560 | D        | Found a basalt altar of Yredelemnul.
   560 | D        | Found a glowing golden altar of the Shining One.
   560 | D        | Found a snail-covered altar of Cheibriados.
   560 | D        | Found a sacrificial altar of Ru.
   560 | D        | Found a glowing silver altar of Zin.
   560 | D        | Found a shadowy altar of Dithmenos.
   560 | D        | Found a white marble altar of Elyvilon.
   560 | D        | Noticed a yak
   566 | D        | Killed a yak
   566 | D        | Reached *** piety under Trog
   566 | D        | Reached skill level 12 in Long Blades
   566 | D        | Reached XP level 7. HP: 70/70 MP: 6/6
   567 | D        | Found an opulent altar of Gozag.
   568 | D        | Found a sparkling altar of Nemelex Xobeh.
   618 | D        | Noticed a centaur warrior
   651 | D        | Noticed a kobold demonologist
   652 | D        | Noticed a kobold demonologist
   652 | D        | Paralysed by a floating eye for 3 turns
   661 | D        | Killed a kobold demonologist
   661 | D        | Reached skill level 10 in Fighting
   661 | D        | Reached skill level 13 in Long Blades
   664 | D        | Killed a kobold demonologist
   664 | D        | Reached **** piety under Trog
   664 | D        | Reached skill level 10 in Armour
   664 | D        | Reached XP level 8. HP: 80/80 MP: 7/7
   711 | D        | Noticed a demonic crawler
   711 | D        | Noticed a demonic crawler
   711 | D        | Noticed a demonic crawler
   711 | D        | Noticed a demonic crawler
   719 | D        | Killed a demonic crawler
   719 | D        | Reached skill level 14 in Long Blades
   721 | D        | Killed a demonic crawler
   727 | D        | Killed a demonic crawler
   727 | D        | Received a gift from Trog
   727 | D        | Reached skill level 15 in Long Blades
   727 | D        | Reached skill level 10 in Dodging
   727 | D        | Reached XP level 9. HP: 76/89 MP: 8/8
   730 | D        | Killed a demonic crawler
   730 | D        | Reached ***** piety under Trog
   806 | D        | Noticed a gargoyle
   823 | D        | HP: 5/133 [gargoyle/morningstar (6)]
   831 | D        | HP: 4/133 [gargoyle/morningstar (2)]
   832 | D        | Killed a gargoyle
   832 | D        | Received a gift from Trog
   845 | D        | Noticed a lindwurm
   871 | D        | Killed a lindwurm
   871 | D        | Reached skill level 16 in Long Blades
  1248 | D        | Reached XP level 10. HP: 71/100 MP: 3/9
  1250 | D        | Reached skill level 17 in Long Blades
  1271 | D        | Received a gift from Trog
  1677 | D        | Noticed a 12-headed hydra
  1681 | D        | Killed a 15-headed hydra
  1682 | D        | Reached skill level 18 in Long Blades
  1937 | D        | Noticed a merfolk siren
  1938 | D        | Noticed a deep elf annihilator
  1939 | D        | Noticed a merfolk siren
  1944 | D        | Noticed the 27-headed Lernaean hydra
  1948 | D        | Killed a deep elf annihilator
  1948 | D        | Received a gift from Trog
  1949 | D        | Paralysed by a hornet for 2 turns
  1952 | D        | Slain by the 26-headed Lernaean hydra

Vault maps used:
D:        dungeon_sprint_1

Skill      XL: |  1  2  3  4  5  6  7  8  9 10 |
---------------+-------------------------------+-----
Fighting       | 4 6 7 9 10 11 12 14 | 14.0
Long Blades    | 5 7 10 12 13 15 16 18 | 18.6
Armour         | 3 5 7 8 10 11 12 13 | 13.7
Dodging        | 3 4 6 7 9 10 11 12 | 12.7

Action                   |  1- 3 |  4- 6 |  7- 9 | 10-12 || total
-------------------------+-------+-------+-------+-------++-------
Melee: Falchion          |     6 |    15 |    44 |       ||    65
       Headbutt          |     1 |     5 |    22 |     8 ||    36
       Triple sword      |       |       |    18 |    31 ||    49
Invok: Berserk           |     2 |     3 |     3 |     1 ||     9
       Brothers in Arms  |       |       |       |     1 ||     1
  Use: Potion            |       |       |     2 |     2 ||     4
  Eat: Bread ration      |       |     1 |       |       ||     1
       Chunk             |       |       |     3 |     3 ||     6
Armor: Leather armour    |       |       |     5 |       ||     5
       Scale mail        |       |       |     4 |    22 ||    26
Dodge: Dodged            |     3 |     6 |    43 |    62 ||   114
       Rpst.: Falchion   |     1 |     3 |     7 |       ||    11
       Triple sword      |       |       |     3 |    12 ||    15
